 Dungeon Crawl Stone Soup version 0.28.0-47-ge53b351184 (webtiles) character file.

Game seed: 4495089156476790721

630 firemarshallily the Caller (level 7, -1/46 HPs)
             Began as a Merfolk Summoner on May 7, 2022.
             Was a Priest of Kikubaaqudgha.
             Succumbed to an adder's poison
             ... in a sewer.
             The game lasted 00:27:37 (5099 turns).

firemarshallily the Caller (Merfolk Summoner)       Turns: 5099, Time: 00:27:38

Health: -1/46      AC:  2    Str:  8    XL:     7   Next: 48%
Magic:  1/13       EV: 13    Int: 16    God:    Kikubaaqudgha [***...]
Gold:   149        SH:  0    Dex: 15    Spells: 1/14 levels left

rFire   . . .      SeeInvis .   k - +0 short sword (protect)
rCold   . . .      Faith    .   (no shield)
rNeg    . . .      Spirit   .   a - +0 robe
rPois   .          Reflect  .   (no helmet)
rElec   .          Harm     .   (no cloak)
rCorr   .          Rampage  .   (no gloves)
Will    .....                   (no boots)
Stlth   ++........              (no amulet)
HPRegen 0.15/turn               (no ring)
MPRegen 0.13/turn               (no ring)

@: lethally poisoned (-1 -> -6)
A: (nimble swimmer 2), mertail
a: Renounce Religion, Receive Corpses


You were in a sewer.
You worshipped Kikubaaqudgha.
Kikubaaqudgha was most pleased with you.
You visited 1 branch of the dungeon, and saw 4 of its levels.
You also visited: Sewer.

You collected 149 gold pieces.

Inventory:

Hand Weapons
 k - a +0 short sword of protection (weapon)
Missiles
 d - 8 poisoned darts (quivered)
 g - 91 stones
Armour
 a - a +0 robe (worn)
Jewellery
 o - a ring of flight
Wands
 n - a wand of flame (11)
Scrolls
 b - a scroll of amnesia {unknown}
 e - 2 scrolls of teleportation {unknown}
 f - a scroll of torment {unknown}
 h - 2 scrolls of identify
 l - a scroll of holy word {unknown}
 m - a scroll of noise {unknown}
 q - a scroll of fear {unknown}
 t - a scroll of fog {unknown}
Potions
 c - 2 potions of attraction
 i - 2 potions of ambrosia
 p - a potion of might {unknown}
 r - a potion of cancellation {unknown}
 s - a potion of flight {unknown}
 u - a potion of lignification {unknown}
 v - a potion of heal wounds {unknown}


   Skills:
 - Level 3.1 Dodging
 - Level 2.1 Stealth
 + Level 4.0 Spellcasting
 * Level 6.8 Summonings
 * Level 2.9 Necromancy


You had one spell level left.
You knew the following spells:

 Your Spells              Type           Power      Damage    Failure   Level
a - Summon Small Mammal   Summ           100%       N/A       1%          1
b - Call Imp              Summ           25%        N/A       1%          2
c - Summon Guardian Gole  Hex/Summ       14%        N/A       12%         3
d - Animate Skeleton      Necr           24%        N/A       4%          1
e - Call Canine Familiar  Summ           25%        N/A       3%          3
f - Vampiric Draining     Necr           12%        2d6       16%         3

Your spell library contained the following spells:

 Spells                   Type           Power      Damage    Failure   Level
 Corpse Rot               Necr/Air       14%        N/A       14%         2
 Summon Lightning Spire   Summ/Air       14%        N/A       38%         4
 Animate Dead             Necr           6%         N/A       45%         4
 Dispel Undead            Necr           12%        3d9       45%         4
 Anguish                  Hex/Necr       3%         N/A       67%         4
 Agony                    Necr           12%        N/A       80%         5
 Excruciating Wounds      Necr           6%         N/A       80%         5
 Death Channel            Necr           6%         N/A       100%        6


Dungeon Overview and Level Annotations

Branches:
Dungeon (4/15)             Temple (0/1) D:4           Sewer (1/1)

Altars:
Cheibriados
Kikubaaqudgha

Shops:
D:3 [


Innate Abilities, Weirdness & Mutations

((You are very nimble when in or above water. (Stealth+, EV+, Speed+++)))
Your lower body shifts to a powerful aquatic tail in water.


Message History

Your quokka bites the bullfrog.
The bullfrog completely misses your quokka.
The bullfrog closely misses your quokka.
The adder barely misses you. The adder closely misses you.
Your quokka bites the bullfrog.
The bullfrog dies!
Kikubaaqudgha accepts your kill.
You feel better. The bullfrog barely misses you. The adder misses you.
The adder bites you.
* * * LOW HITPOINT WARNING * * *
Your quokka bites the bullfrog.
The bullfrog hits your quokka.
Your crimson imp misses the adder.
The bullfrog hits your quokka but does no damage.
Your quokka barely misses the bullfrog.
The adder barely misses you. The bullfrog hits your quokka!
Your quokka dies!
Your quokka's corpse disappears in a puff of smoke!
Your crimson imp blinks!
The bullfrog closely misses your crimson imp.
The adder bites you.
* * * LOW HITPOINT WARNING * * *
The bullfrog hits your crimson imp.
There is an open door here.
Casting: Summon Small Mammal (safe; 1% risk of failure)
Confirm with . or Enter, or press ? or * to list all spells.
A beastly little devil appears in a puff of flame.
The ball python closely misses you. The ball python misses you.
The adder bites you.
* * * LOW HITPOINT WARNING * * *
The adder misses you.
Your crimson imp hits the adder.
You barely miss the adder.
The adder is almost dead.
The adder bites you.
* * * LOW HITPOINT WARNING * * *
You are lethally poisoned!
The adder poisons you!
Your crimson imp misses the adder.
You closely miss the adder.
The adder is almost dead.
You die...
Kikubaaqudgha rasps: "You have failed me!
Welcome... death!"

#≈...≈## #≈≈≈≈.≈#
#≈....≈# #≈≈≈#≈≈#
#≈≈≈..≈# #≈≈≈≈≈≈#
#≈≈≈≈≈≈# #≈≈≈≈≈≈#
#≈≈≈≈≈≈# #≈≈≈≈≈≈#
#≈≈≈≈≈≈# #≈≈≈≈≈≈#
#≈≈≈≈≈≈# #≈≈≈≈≈≈#
#≈≈≈≈≈≈# #####§≈≈≈≈≈#
##.....# #5@##..≈..##
#......###SS##......#
##......##S##......##
#......†#....5F†..#
##...............##
####.†......†####
####...#### #####


You could see 2 adders, a ball python and a friendly crimson imp (summoned).

Vanquished Creatures
  2 river rats (Sewer)
  3 orcs (D:3)
  2 ball pythons
  2 bats (D:1)
  A giant cockroach (D:1)
  2 goblins
  2 kobolds (D:4)
  A quokka (D:1)
  A frilled lizard (D:2)
  2 rats
18 creatures vanquished.

Vanquished Creatures (collateral kills)
  Grinder (D:3)
  A phantom (D:4)
  A bullfrog (Sewer)
  A howler monkey (D:3)
  A hound (D:2)
  Terence (D:1)
  4 adders
  5 river rats
  2 worms (D:4)
  An orc (D:3)
  8 endoplasms
  4 giant cockroaches
  5 goblins
  2 hobgoblins
  2 jackals (D:1)
  4 quokkas
  9 ball pythons
  3 bats
  3 frilled lizards
  6 kobolds
  28 rats
92 creatures vanquished.

Grand Total: 110 creatures vanquished

Notes
Turn   | Place    | Note
-------+----------+-------------------------------------------
     0 | D:1      | firemarshallily the Merfolk Summoner began the quest for
                  | the Orb.
     0 | D:1      | Reached XP level 1. HP: 13/13 MP: 3/3
    18 | D:1      | You fall into a shaft and drop 1 floor!
   415 | D:1      | Reached XP level 2. HP: 3/19 MP: 3/5
  1024 | D:1      | Found a faded altar of an unknown god.
  1032 | D:1      | Prayed at the altar of an unknown god.
  1032 | D:1      | Became a worshipper of Kikubaaqudgha
  1032 | D:1      | Reached * piety under Kikubaaqudgha
  1032 | D:1      | Received a gift from Kikubaaqudgha
  1041 | D:1      | Learned a level 2 spell: Call Imp
  1163 | D:1      | Reached XP level 3. HP: 24/24 MP: 0/6
  1171 | D:1      | Learned a level 3 spell: Summon Guardian Golem
  2083 | D:2      | Reached XP level 4. HP: 30/30 MP: 1/7
  2086 | D:2      | Learned a level 1 spell: Animate Skeleton
  2280 | D:3      | Reached skill level 5 in Summonings
  2280 | D:3      | Reached skill level 1 in Necromancy
  2296 | D:3      | Reached XP level 5. HP: 35/35 MP: 3/9
  2345 | D:3      | Found Qaetoaxt's Armour Shop.
  2668 | D:3      | Found a snail-covered altar of Cheibriados.
  2764 | D:3      | Reached ** piety under Kikubaaqudgha
  2993 | D:3      | Noticed Terence
  3031 | D:3      | HP: 1/35 [Terence/+0 falchion (10)]
  3077 | D:3      | HP: 1/35 [Terence/+0 falchion (3)]
  3482 | D:1      | Killed Terence
  3669 | D:3      | Learned a level 3 spell: Call Canine Familiar
  3813 | D:3      | Noticed Grinder
  3825 | D:3      | HP: 1/35 [Grinder (10)]
  3833 | D:3      | Killed Grinder
  3834 | D:3      | Reached skill level 6 in Summonings
  3834 | D:3      | Reached XP level 6. HP: 14/41 MP: 4/11
  4364 | D:4      | Reached XP level 7. HP: 35/46 MP: 8/12
  4397 | D:4      | Found a staircase to the Ecumenical Temple.
  4436 | D:4      | Found a glowing drain.
  4504 | Sewer    | Entered a sewer
  4944 | Sewer    | Reached *** piety under Kikubaaqudgha
  4944 | Sewer    | Received a gift from Kikubaaqudgha
  4949 | Sewer    | Learned a level 3 spell: Vampiric Draining
  5096 | Sewer    | HP: 2/46 [adder (4)]
  5099 | Sewer    | Succumbed to an adder's poison

Illustrated notes

Levels and vault maps discovered:
D:1:      lemuel_arrival_river_ford, layout_rooms,
          hellmonk_ecumenical_altar_zigzags
D:2:      layout_basic
D:3:      layout_basic, lemuel_tele_altar, serial_shops, nicolae_diamond_shop,
          uniq_terence, uniq_grinder
D:4:      layout_layer_cave, minmay_temple_entry_wispy, portal_sewer_entry_c
Sewer:    sewer_minmay_w

Skill      XL: |  1  2  3  4  5  6  7 |
---------------+----------------------+-----
Dodging        | 3 |  3.1
Summonings     | 5 6 |  6.8
Necromancy     | 1 2 |  2.9
Spellcasting   | 3 4 |  4.0
Stealth        | |  2.1

Action                   |  1- 3 |  4- 6 |  7- 9 || total
-------------------------+-------+-------+-------++-------
Melee: Dagger            |    52 |       |       ||    52
       Short sword       |     8 |    56 |    43 ||   107
       Punch             |       |       |     2 ||     2
       Tailslap          |       |       |     1 ||     1
Throw: Dart              |       |     4 |       ||     4
 Cast: Summon Small Mamm |    43 |    38 |    29 ||   110
       Call Imp          |     8 |    15 |     9 ||    32
       Animate Skeleton  |       |     7 |     3 ||    10
       Call Canine Famil |       |     1 |     6 ||     7
       Vampiric Draining |       |       |     2 ||     2
       Summon Guardian G |       |       |     1 ||     1
  Use: Scroll            |       |     2 |       ||     2
       Potion            |       |     1 |     3 ||     4
 Stab: Sleeping          |     1 |       |       ||     1
Armor: Robe              |    18 |    12 |    19 ||    49
Dodge: Dodged            |    68 |    57 |    92 ||   217
